 Dungeon Crawl Stone Soup version 0.29.1-12-g30fa7ad0bf (webtiles) character file.

Game seed: 8851033084349530629

120 croobank the Conjurer (level 4, -8/29 (31) HPs)
             Began as a Demonspawn Conjurer on Dec 28, 2022.
             Was a Believer of Dithmenos.
             Mangled by a wight
             ... wielding a +3 great sword
              (15 damage)
             ... in an ossuary.
             The game lasted 00:10:21 (3297 turns).

croobank the Conjurer (Demonspawn Conjurer)         Turns: 3297, Time: 00:10:22

HP:   -8/29 (31)    AC:  3    Str:  5 (7)  XL:     4   Next: 75%
MP:   1/7           EV: 12    Int: 18 (20) God:    Dithmenos [**....]
Gold: 65            SH:  4    Dex: 12 (15) Spells: 2/8 levels left

rFire   . . .      SeeInvis .   i - +0 dagger
rCold   . . .      Faith    .   (no shield)
rNeg    . . .      Spirit   .   a - +0 robe
rPois   .          Reflect  .   (no helmet)
rElec   .          Harm     .   (no cloak)
rCorr   .          Rampage  .   o - +0 pair of gloves
Will    .....      Rnd*Tele +   (no boots)
Stlth   ++........              (no amulet)
HPRegen 0.09/turn               (no ring)
MPRegen 0.20/turn               (no ring)

@: wreathed by umbra, studying Invocations, drained
A: claws 1, magic regeneration, condensation shield, agile 1, teleportitis 1
a: Renounce Religion, Shadow Step


You were in an ossuary.
You worshipped Dithmenos.
Dithmenos was pleased with you.
You visited 1 branch of the dungeon, and saw 4 of its levels.
You also visited: Ossuary.

You collected 65 gold pieces.

Inventory:

Hand Weapons
 e - a +0 hand axe
 i - a +0 dagger (weapon)
 k - a +0 short sword
 l - a +0 falchion
 v - a +0 scimitar
Missiles
 f - 11 poisoned darts
 p - 2 boomerangs
 q - 5 javelins
Armour
 a - a +0 robe (worn)
 h - a +0 ring mail
 o - a +0 pair of gloves (worn)
 t - a +2 leather armour of fire resistance
Jewellery
 r - an amulet of faith
Scrolls
 c - a scroll of blinking
 d - 2 scrolls of identify
 m - 3 scrolls of teleportation
 s - a scroll of noise {unknown}
 u - a scroll of enchant armour {unknown}
Potions
 b - a potion of magic
 g - a potion of degeneration
 j - 3 potions of curing


   Skills:
 + Level 0.9 Fighting
 + Level 2.6 Dodging
 + Level 2.6 Stealth
 + Level 2.6 Spellcasting
 + Level 4.5 Conjurations
 + Level 0.8 Hexes
 + Level 1.9 Invocations


You had 2 spell levels left.
You knew the following spells:

 Your Spells              Type           Power      Damage    Failure   Level
a - Magic Dart            Conj           72%        1d6       2%          1
b - Searing Ray           Conj           36%        2d5       4%          2
c - Dazzling Flash        Conj/Hex       24%        N/A       17%         3

Your spell library contained the following spells:

 Spells                   Type           Power      Damage    Failure   Level
 Poisonous Vapours        Pois/Air       4%         N/A       26%         2
 Fulminant Prism          Conj/Hex       6%         3d7       50%         4
 Iskenderun's Mystic Bla  Conj/Tloc      10%        2d4       54%         4
 Corpse Rot               Necr/Pois/Air  2%         N/A       86%         4


Dungeon Overview and Level Annotations

Branches:
Dungeon (4/15)            Ossuary (1/1)
 Temple: D:4-7

Altars:
Dithmenos
Okawaru

Shops:
D:1 ?


Innate Abilities, Weirdness & Mutations

You have sharp fingernails.
You regenerate magic rapidly.
A meltable shield of frost defends you. (SH +4)
You are agile. (Dex +4, Str/Int -1)
You are occasionally teleported next to monsters.


Message History

You hit the orc skeleton.
You destroy the orc skeleton!
Dithmenos accepts your kill.
There is an open door here.
You open the door.
A wight comes into view. It is wielding a +3 great sword.
The wight hits you with a +3 great sword.
You feel drained.
There is an open door here.
You barely miss the wight. The wight misses you.
Casting: Searing Ray (safe; 4% risk of failure)
Confirm with . or Enter, or press ? or * to list all spells.
Aiming: Searing Ray (safe; 4% risk of failure)
Press: ? - help, Shift-Dir - straight line, f - wight
Aim: a wight, wielding a +3 great sword and wearing a +0 robe (umbra, 78% to hit)
The searing ray hits the wight.
The wight is lightly damaged. (Press . to maintain the ray.)
You block the wight's attack.
The searing ray hits the wight but does no damage.
The wight is lightly damaged.
The wight hits you with a +3 great sword.
The searing ray misses the wight.
The wight hits you with a +3 great sword!
You feel drained.
* * * LOW HITPOINT WARNING * * *
The searing ray misses the wight.
You finish channelling your searing ray.
The wight closely misses you.
Casting: Searing Ray (safe; 4% risk of failure)
Confirm with . or Enter, or press ? or * to list all spells.
Aiming: Searing Ray (safe; 4% risk of failure)
Press: ? - help, Shift-Dir - straight line, f/p - wight
Aim: a wight, wielding a +3 great sword and wearing a +0 robe (lightly damaged, umbra, 78% to hit)
The searing ray hits the wight.
The wight is moderately damaged. (Press . to maintain the ray.)
The wight hits you with a +3 great sword!
Ouch! That really hurt!
You die...

.# +.+ #.# +.+ #.# +.+
###.# #z@.+ ###.###
#.'.'.# ###'###
##...## # ##.....####
### ##.......#.#
######..
##..........###...#...
#............#.###....


You could see a wight.

Vanquished Creatures
  An orc wizard (D:3)
  A gnoll (D:3)
  2 adders (D:3)
  A worm (D:2)
  5 orcs (D:3)
  7 endoplasms
  2 giant cockroaches (D:1)
  5 goblins
  4 hobgoblins
  6 kobolds
  3 quokkas
  6 ball pythons
  5 bats
  3 frilled lizards
  An orc skeleton (Ossuary)
  An orc zombie (Ossuary)
  4 rats
57 creatures vanquished.

Vanquished Creatures (others)
  7 plants (D:3)
7 creatures vanquished.

Grand Total: 64 creatures vanquished

Notes
Turn   | Place    | Note
-------+----------+-------------------------------------------
     0 | D:1      | croobank the Demonspawn Conjurer began the quest for the
                  | Orb.
     0 | D:1      | Reached XP level 1. HP: 13/13 MP: 3/3
   100 | D:1      | Found Xuhetagh's Magic Scroll Shoppe.
   335 | D:1      | Gained mutation: You have sharp fingernails. [demonic
                  | ancestry]
   335 | D:1      | Reached XP level 2. HP: 19/19 MP: 1/5
   338 | D:1      | Learned a level 2 spell: Searing Ray
  1459 | D:2      | Gained mutation: You regenerate magic rapidly. [demonic
                  | ancestry]
  1459 | D:2      | Reached XP level 3. HP: 24/24 MP: 2/6
  1463 | D:2      | Learned a level 3 spell: Dazzling Flash
  1902 | D:2      | Found a faded altar of an unknown god.
  1910 | D:2      | Prayed at the altar of an unknown god.
  1910 | D:2      | Became a worshipper of Dithmenos the Shadowed
  1910 | D:2      | Reached * piety under Dithmenos
  2308 | D:3      | Reached skill level 1 in Invocations
  2308 | D:3      | Gained mutation: A meltable shield of frost defends you.
                  | (SH +4) [demonic ancestry]
  2308 | D:3      | Reached XP level 4. HP: 25/31 MP: 1/7
  2323 | D:3      | Gained mutation: You are occasionally teleported next to
                  | monsters. [potion of mutation]
  2323 | D:3      | Gained mutation: You are agile. (Dex +4, Str/Int -1)
                  | [potion of mutation]
  2326 | D:3      | HP: 1/46 [orc/+0 hand axe (3)]
  2804 | D:3      | Found an iron altar of Okawaru.
  2811 | D:3      | Reached ** piety under Dithmenos
  3219 | D:4      | Found a sand-covered staircase.
  3228 | Ossuary  | Entered an ossuary
  3297 | Ossuary  | Mangled by a wight

Illustrated notes

Levels and vault maps discovered:
D:1:      evilmike_arrival_rings, layout_loops_ring, serial_shops, shop
D:2:      layout_loops_ring, ebering_ecumenical_altar_abandoned,
          columned_hall_lemuel
D:3:      layout_basic, okawaru_altar_gauntlet_db, serial_bayou_lagoon_a
D:4:      layout_basic, nicolae_ossuary_entry_monument
Ossuary:  ossuary_due_cavern

Skill      XL: |  1  2  3 |
---------------+----------+-----
Dodging        | 2 |  2.6
Stealth        | 2 |  2.6
Invocations    | 1 |  1.9
Fighting       | |  0.9
Spellcasting   | |  2.6
Conjurations   | |  4.5
Hexes          | |  0.8

Action                   |  1- 3 |  4- 6 || total
-------------------------+-------+-------++-------
Melee: Dagger            |    26 |    46 ||    72
 Cast: Magic Dart        |    47 |     6 ||    53
       Searing Ray       |    13 |    10 ||    23
       Dazzling Flash    |       |     2 ||     2
  Use: Potion            |     1 |     6 ||     7
       Scroll            |       |     4 ||     4
 Stab: Sleeping          |     3 |     1 ||     4
       Invisible         |       |     2 ||     2
Armor: Robe              |    11 |     6 ||    17
       Skin              |       |    19 ||    19
Dodge: Dodged            |    30 |    27 ||    57
Block: Other             |       |     8 ||     8
